 Dungeon Crawl Stone Soup version 0.24-a0-443-g80245de (webtiles) character file.

Game seed: 2574696721805049086

12439 TheGoonsmith the Bludgeoner (level 11, -1/92 HPs)
             Began as a Minotaur Berserker on June 18, 2019.
             Was a High Priest of Trog.
             Slain by a blink frog (11 damage)
             ... on level 1 of the Lair of Beasts on June 21, 2019.
             The game lasted 00:20:02 (10858 turns).

TheGoonsmith the Bludgeoner (Minotaur Berserker)   Turns: 10858, Time: 00:20:03

Health: -1/92      AC: 16    Str: 22    XL:     11   Next: 62%
Magic:  10/10      EV:  9    Int:  4    God:    Trog [*****.]
Gold:   485        SH:  0    Dex: 13    Spells: 10/10 levels left

rFire    . . .     SeeInvis .   l - +0 morningstar
rCold    . . .     Gourm    .   (no shield)
rNeg     . . .     Faith    .   E - +0 plate armour
rPois    .         Spirit   .   (helmet restricted)
rElec    .         Reflect  .   x - +0 cloak
rCorr    +         Harm     .   P - +0 pair of gloves
MR       .....                  (no boots)
Stlth    ..........             (no amulet)
HPRegen  0.25/turn              i - ring of resist corrosion
MPRegen  0.12/turn              v - ring of stealth

@: no status effects
A: retaliatory headbutt, horns 2
a: Berserk, Trog's Hand, Brothers in Arms, Renounce Religion


You were on level 1 of the Lair of Beasts.
You worshipped Trog.
Trog was extremely pleased with you.
You were very hungry.

You visited 2 branches of the dungeon, and saw 12 of its levels.

You collected 485 gold pieces.

Inventory:

Hand Weapons
 a - a +1 mace
 l - a +0 morningstar (weapon)
 y - a +3 flail
Missiles
 k - 9 boomerangs (quivered)
 t - 66 poisoned darts
 w - 14 atropa-tipped darts
 D - 14 silver javelins
 G - 2 datura-tipped darts
Armour
 b - a +0 animal skin
 m - a +0 chain mail
 x - a +0 cloak (worn)
 E - a +0 plate armour (worn)
 P - a +0 pair of gloves (worn)
Jewellery
 i - a ring of resist corrosion (left hand)
 v - a ring of stealth (right hand)
 B - an uncursed ring of stealth
 C - an uncursed amulet of harm
 H - an uncursed ring of ice {unknown}
 J - an uncursed ring of stealth
 K - a cursed ring of teleportation {unknown}
 M - a +4 ring of evasion {unknown}
 O - a cursed -4 ring of slaying {unknown}
Wands
 S - a wand of acid (10)
 T - a wand of clouds (5)
Scrolls
 d - a scroll of blinking
 n - 9 scrolls of remove curse
 p - 2 scrolls of teleportation
 I - 2 scrolls of identify
 Q - 4 scrolls of enchant weapon
Potions
 e - a potion of curing
 f - 2 potions of cancellation {unknown}
 g - a potion of resistance {unknown}
 h - 3 potions of agility {unknown}
 j - 3 potions of mutation
 o - 2 potions of magic {unknown}
 q - 3 potions of might {unknown}
 r - a potion of ambrosia {unknown}
 s - 4 potions of haste
 u - a potion of heal wounds {unknown}
 z - a potion of flight {unknown}
 A - a potion of brilliance {unknown}
 F - a potion of invisibility {unknown}
 L - a potion of degeneration {unknown}
Comestibles
 c - 15 rations


   Skills:
 + Level 7.5 Fighting
 - Level 16.0 Maces & Flails
 + Level 7.7 Throwing
 + Level 7.5 Armour
 + Level 6.5 Dodging


You had 10 spell levels left.
You didn't know any spells.
Your spell library was empty.

Dungeon Overview and Level Annotations

Branches:
Dungeon (11/15)            Temple (0/1) D:6            Lair (1/6) D:8
    Orc (0/2) D:9

Altars:
Cheibriados
Dithmenos
Elyvilon
Gozag
Hepliaklqana
Kikubaaqudgha
Qazlal
Ru
Trog
Uskayaw
Vehumet
Xom

Shops:
D:4 ?:([   D:7 :


Innate Abilities, Weirdness & Mutations

You reflexively headbutt those who attack you in melee.
You have a pair of horns on your head.


Message History

The blink frog is severely wounded.
The blink frog hits you.
* * * LOW HITPOINT WARNING * * *
The blink frog barely misses you.
You hit the blink frog.
The blink frog is almost dead.
The blink frog hits you.
* * * LOW HITPOINT WARNING * * *
The blink frog hits you but does no damage.
You feel better.
The blink frog hits you but does no damage. x2
You are too injured to fight recklessly!
You hit the blink frog but do no damage.
Your headbutt misses the blink frog.
The blink frog is almost dead.
The blink frog hits you!
* * * LOW HITPOINT WARNING * * *
The blink frog closely misses you.
You feel better. The blink frog hits you!
You die...

###. ###
#....###.#### ...
#....#......##...
#........=.......
#......<.........
#................
#......†.........
#........F.......
#.......F@†......
#.....#..........
#................
#...............#
#...............#
...(............
........$..#...
.....###.###P..


You could see 2 blink frogs.

Vanquished Creatures
  4 two-headed ogres
  Pikel (D:9)
  A troll (D:10)
  A hornet (D:9)
  A blink frog (Lair:1)
  2 hippogriffs
  A shadow (D:6)
  A spriggan (D:8)
  12 yaks
  A basilisk (Lair:1)
  3 hungry ghosts
  Duvessa (D:6)
  A water moccasin (D:10)
  4 porcupines (D:8)
  An ice beast (D:6)
  5 orc warriors
  2 black bears (D:8)
  An eye of draining (D:9)
  3 sky beasts
  7 ogres
  2 centaurs (D:7)
  A phantom (D:5)
  2 crocodiles (D:8)
  A big kobold (D:5)
  6 bullfrogs
  A gnoll sergeant (D:9)
  3 scorpions
  Dowan (D:6)
  7 killer bees (D:9)
  3 howler monkeys (D:10)
  4 crimson imps
  2 bullfrog zombies
  12 orc priests
  4 hounds
  2 jellies (D:7)
  Crazy Yiuf (D:3)
  16 orc wizards
  Jessica (D:3)
  3 bullfrog skeletons
  6 worker ants
  5 iguanas
  A killer bee zombie (D:6)
  A hound zombie (D:7)
  2 hound skeletons
  17 adders
  7 gnolls
  5 shadow imps
  An ooze (D:2)
  2 adder skeletons
  2 adder zombies
  7 worms
  3 dart slugs
  7 leopard geckos
  49 orcs
  11 giant cockroaches
  4 goblins
  7 hobgoblins
  14 jackals
  4 quokkas
  2 ball pythons
  9 bats
  8 frilled lizards
  11 kobolds
  A quokka skeleton (D:6)
  A quokka zombie (D:5)
  12 rats
324 creatures vanquished.

Vanquished Creatures (others)
  32 fungi (D:8)
  9 plants (D:8)
41 creatures vanquished.

Grand Total: 365 creatures vanquished

Notes
Turn   | Place    | Note
-------+----------+-------------------------------------------
     0 | D:1      | TheGoonsmith the Minotaur Berserker began the quest for the
                  | Orb.
     0 | D:1      | Reached XP level 1. HP: 19/19 MP: 0/0
    66 | D:1      | Reached XP level 2. HP: 24/27 MP: 1/1
    68 | D:1      | Reached skill level 4 in Maces & Flails
   336 | D:1      | Reached ** piety under Trog
   491 | D:1      | Reached XP level 3. HP: 33/33 MP: 2/2
   717 | D:2      | Noticed a scorpion
   729 | D:2      | Killed a scorpion
   729 | D:2      | Reached XP level 4. HP: 28/40 MP: 3/3
  1087 | D:2      | Reached skill level 5 in Maces & Flails
  1337 | D:2      | Found a faded altar of an unknown god.
  1548 | D:2      | Found a radiant altar of Vehumet.
  1600 | D:2      | Reached XP level 5. HP: 39/47 MP: 4/4
  2101 | D:3      | Reached *** piety under Trog
  2102 | D:3      | Noticed Jessica
  2106 | D:3      | Killed Jessica
  2278 | D:3      | Reached XP level 6. HP: 19/55 MP: 5/5
  2680 | D:3      | Reached skill level 6 in Maces & Flails
  2801 | D:3      | Found a runed translucent door.
  2802 | D:3      | Noticed Crazy Yiuf
  2907 | D:3      | Killed Crazy Yiuf
  2986 | D:4      | Found a snail-covered altar of Cheibriados.
  3027 | D:4      | Reached skill level 5 in Fighting
  3163 | D:4      | Found Buetzuel's Magic Scroll Shop.
  3305 | D:4      | Found Aprotesk's Book Shop.
  3394 | D:4      | Reached skill level 7 in Maces & Flails
  3394 | D:4      | Reached XP level 7. HP: 50/61 MP: 6/6
  3591 | D:4      | Reached **** piety under Trog
  3591 | D:4      | Reached skill level 5 in Armour
  3847 | D:4      | You fall into a shaft and drop 1 floor!
  3847 | D:5      | Entered Level 5 of the Dungeon
  4028 | D:5      | Reached skill level 8 in Maces & Flails
  4050 | D:5      | Reached skill level 1 in Throwing
  4186 | D:5      | Found a bloodstained altar of Trog.
  4193 | D:5      | Reached XP level 8. HP: 68/68 MP: 7/7
  4449 | D:5      | Reached skill level 9 in Maces & Flails
  4874 | D:4      | Found Noomophu's Armour Boutique.
  4993 | D:4      | Found Luczeol's Weapon Shoppe.
  5080 | D:6      | Noticed Dowan
  5081 | D:6      | Noticed Duvessa
  5092 | D:6      | Killed Dowan
  5097 | D:6      | Killed Duvessa
  5312 | D:6      | Received a gift from Trog
  5312 | D:6      | Reached skill level 10 in Maces & Flails
  5491 | D:6      | Reached skill level 5 in Throwing
  5691 | D:6      | Reached XP level 9. HP: 64/74 MP: 8/8
  5716 | D:6      | Found a staircase to the Ecumenical Temple.
  6019 | D:7      | Found an opulent altar of Gozag.
  6022 | D:7      | Found a white marble altar of Elyvilon.
  6025 | D:7      | Found a shadowy altar of Dithmenos.
  6025 | D:7      | Found a stormy altar of Qazlal.
  6035 | D:7      | Reached skill level 11 in Maces & Flails
  6056 | D:7      | Reached ***** piety under Trog
  6584 | D:7      | Found Tiuwaf's Book Boutique.
  6709 | D:7      | Reached skill level 12 in Maces & Flails
  7026 | D:7      | Found a hide-covered altar of Uskayaw.
  7063 | D:7      | Reached skill level 13 in Maces & Flails
  7220 | D:8      | Received a gift from Trog
  7450 | D:8      | Reached XP level 10. HP: 67/81 MP: 9/9
  7469 | D:8      | Reached skill level 14 in Maces & Flails
  7564 | D:8      | Found a staircase to the Lair.
  7593 | D:8      | Received a gift from Trog
  7683 | D:8      | Found a hazy altar of Hepliaklqana.
  8017 | D:9      | Received a gift from Trog
  8161 | D:9      | Paralysed by a hornet for 2 turns
  8163 | D:9      | Noticed a two-headed ogre
  8166 | D:9      | Reached skill level 15 in Maces & Flails
  8172 | D:9      | Killed a two-headed ogre
  8394 | D:9      | Upgraded the game from 0.24-a0-439-g6dd8730 to
                  | 0.24-a0-443-g80245de
  8485 | D:9      | Found a shimmering altar of Xom.
  8496 | D:9      | Found a shimmering altar of Xom.
  8531 | D:9      | Found a shimmering altar of Xom.
  8558 | D:9      | Found a staircase to the Orcish Mines.
  8619 | D:9      | Reached skill level 16 in Maces & Flails
  9086 | D:9      | Noticed Pikel
  9096 | D:9      | Killed Pikel
  9096 | D:9      | Received a gift from Trog
  9096 | D:9      | Reached XP level 11. HP: 89/89 MP: 10/10
  9182 | D:9      | Found an ancient bone altar of Kikubaaqudgha.
  9276 | D:9      | Reached skill level 5 in Dodging
  9616 | D:10     | Entered Level 10 of the Dungeon
  9666 | D:10     | Noticed a two-headed ogre
  9678 | D:10     | Killed a two-headed ogre
 10027 | D:10     | Noticed a two-headed ogre
 10033 | D:10     | Killed a two-headed ogre
 10146 | D:10     | Received a gift from Trog
 10216 | D:10     | Noticed a two-headed ogre
 10226 | D:10     | Killed a two-headed ogre
 10575 | D:10     | Found a sacrificial altar of Ru.
 10824 | Lair:1   | Entered Level 1 of the Lair of Beasts
 10855 | Lair:1   | HP: 4/92 [blink frog (5)]
 10858 | Lair:1   | Slain by a blink frog

Levels and vault maps discovered:
D:1:      giann_forest_graveyard, layout_basic, chequers_serial_rivers_micro_d,
          minmay_bisected
D:2:      layout_rooms, marbit_many_paths, chequers_ecumenical_altar_simple
D:3:      layout_rooms, minmay_puff, uniq_crazy_yiuf_cottage, uniq_jessica
D:4:      layout_loops_ring, cheibriados_altar_1, serial_shops, shop,
          kennysheep_little_box, nicolae_shop_window_shopping,
          nicolae_shop_trees, minmay_box_of_dots
D:5:      layout_basic, old_standard_altar, first_ration
D:6:      layout_cave_pools, minmay_temple_entry_large_hall, uniq_duvessa
D:7:      layout_loops_corners, lemuel_coloured_pillars_altar,
          grunt_temple_overflow_open, serial_shops, shop
D:8:      layout_basic, kennysheep_mini, due_lair_maze_entry_diamond,
          serial_glass, glass_columns_c, glass_columns_a, glass_columns_b,
          glass_columns_c, glass_columns_a, glass_columns_a, glass_columns_b,
          glass_columns_a, grunt_pizzeria, chequers_serial_rivers_micro_e
D:9:      layout_loops_corners, lemuel_crystal_altar, orc_0_dummy,
          xom_redecorated, uniq_pikel
D:10:     layout_irregular_city, nicolae_ru_the_path_less_chosen
D:11:     layout_basic, basic_altar, item_on_display_a
Lair:1:   layout_hall_layers, portal_ice_cave_demonic_guard,
          gauntlet_entry_generic, gammafunk_ghost_grave

Skill      XL: |  1  2  3  4  5  6  7  8  9 10 11 |
---------------+----------------------------------+-----
Maces & Flails | 4 5 7 8 10 13 16 | 16.0
Fighting       | 4 5 7 |  7.5
Armour         | 3 4 5 7 |  7.5
Dodging        | 3 4 6 |  6.5
Throwing       | 2 5 6 7 |  7.7

Action                   |  1- 3 |  4- 6 |  7- 9 | 10-12 || total
-------------------------+-------+-------+-------+-------++-------
Melee: Mace              |    49 |   168 |    35 |       ||   252
       Headbutt          |     7 |    30 |    64 |    66 ||   167
       Morningstar       |       |       |   292 |   337 ||   629
Throw: Boomerang         |       |       |     9 |     5 ||    14
       Dart              |       |       |       |     4 ||     4
Invok: Berserk           |     2 |     4 |     4 |     6 ||    16
       Trog's Hand       |       |       |     3 |     6 ||     9
  Use: Scroll            |       |    11 |     2 |     1 ||    14
       Potion            |       |       |       |     2 ||     2
 Stab: Sleeping          |       |     4 |       |       ||     4
  Eat: Chunk             |       |    10 |    14 |    19 ||    43
       Ration            |       |     1 |     4 |       ||     5
Armor: Animal skin       |     7 |    16 |       |       ||    23
       Chain mail        |       |       |   154 |       ||   154
       Plate armour      |       |       |    30 |   147 ||   177
Dodge: Dodged            |    38 |   140 |   168 |   129 ||   475

Table legend:
 A = Non-vault XP
 B = Vault XP
 C = Vault XP percentage of total XP
 D = Non-vault monster count
 E = Vault monster count
 F = Vault count percentage of total count
                 A         B        C        D         E       F
            +---------+---------+-------+---------+---------+-------
      Total |   15455 |    2316 |  13.0 |     298 |      26 |   8.0
            +---------+---------+-------+---------+---------+-------
        D:1 |      39 |       5 |  11.4 |      21 |       4 |  16.0
        D:2 |     221 |       2 |   0.9 |      28 |       1 |   3.4
        D:3 |      77 |     122 |  61.3 |      28 |       7 |  20.0
        D:4 |     421 |       3 |   0.7 |      28 |       1 |   3.4
        D:5 |     692 |       0 |   0.0 |      32 |       0 |   0.0
        D:6 |    1229 |     216 |  14.9 |      33 |       2 |   5.7
        D:7 |    1682 |       0 |   0.0 |      31 |       0 |   0.0
        D:8 |     931 |    1295 |  58.2 |      15 |      10 |  40.0
        D:9 |    4316 |     673 |  13.5 |      49 |       1 |   2.0
       D:10 |    5408 |       0 |   0.0 |      31 |       0 |   0.0
     Lair:1 |     439 |       0 |   0.0 |       2 |       0 |   0.0
            +---------+---------+-------+---------+---------+-------
